 Dungeon Crawl Stone Soup version 0.25.0-15-gac7dcb8919 (webtiles) character file.

Game seed: 16775672083474205619

66 Descartes the Scratcher (level 3, -1/15 HPs)
             Began as a Felid Transmuter on June 27, 2020.
             Shot with a stone by a goblin (2 damage)
             ... on level 2 of the Dungeon on June 28, 2020.
             The game lasted 00:06:02 (2991 turns).

Descartes the Scratcher (Felid Transmuter)          Turns: 2991, Time: 00:06:03

Health: -1/15      AC:  1    Str:  7    XL:     3   Next: 96%
Magic:  7/7        EV: 18    Int: 14    God:
Gold:   87         SH:  0    Dex: 16    Spells: 3/6 levels left
                                        Lives:  0   Deaths: 0

rFire    . . .     SeeInvis +     - Unarmed
rCold    . . .     Gourm    .   (shield unavailable)
rNeg     . . .     Faith    .   (armour unavailable)
rPois    .         Spirit   .   (helmet unavailable)
rElec    .         Reflect  .   (cloak unavailable)
rCorr    .         Harm     .   (gloves unavailable)
MR       .....                  (boots unavailable)
Stlth    +++.......             (no amulet)
HPRegen  0.05/turn              (no ring)
MPRegen  0.10/turn              (no ring)

@: quick
A: very small, no armour, no weapons or thrown items, stealth, claws 1, fangs 3,
see invisible, carnivore, speed 1, shaggy fur 1, slow metabolism 1, sharp paws
a: no special abilities


You were on level 2 of the Dungeon.
You were very full.

You visited 1 branch of the dungeon, and saw 2 of its levels.

You collected 87 gold pieces.

Inventory:

Missiles
 a - 39 arrows
 b - 34 stones
Scrolls
 d - a scroll of remove curse {unknown}
 e - a scroll of random uselessness {unknown}
 f - a scroll of fear {unknown}
 g - a scroll of magic mapping {unknown}
 i - a scroll of teleportation {unknown}
 j - a scroll of identify {unknown}
Potions
 h - a potion of degeneration {unknown}
 k - a potion of curing {unknown}
 l - 2 potions of invisibility {unknown}
Comestibles
 c - 4 rations


   Skills:
 - Level 1.0 Fighting
 - Level 2.6 Dodging
 * Level 3.1 Stealth
 * Level 3.8 Unarmed Combat
 - Level 2.0 Spellcasting
 + Level 2.9 Transmutations


You had 3 spell levels left.
You knew the following spells:

 Your Spells              Type           Power        Failure   Level  Hunger
a - Beastly Appendage     Tmut           #.....       7%          1    ##.....
b - Sticks to Snakes      Tmut           #.......     11%         2    ###....

Your spell library contained the following spells:

 Spells                   Type           Power        Failure   Level  Hunger
 Spider Form              Tmut/Pois      #.........   36%         3    ####...
 Ice Form                 Ice/Tmut       #.......     78%         4    #####..
 Blade Hands              Tmut           #.........   89%         5    ######.


Dungeon Overview and Level Annotations

Branches:
Dungeon (2/15)

Altars:
Cheibriados


Innate Abilities, Weirdness & Mutations

You cannot wear armour.
You are incapable of wielding weapons or throwing items.
Your paws allow you to move quietly. (Stealth)
You have sharp claws.
You have razor-sharp teeth.
You have supernaturally acute eyesight. (SInv)
You are carnivorous and can eat meat at any time.
You cover ground quickly.
You are covered in fur. (AC +1)
You have a slow metabolism.
Your sharp claws are effective at attacking unaware monsters.


Message History

3 jackals come into view.
The goblin shoots a stone.
The stone misses you.
The jackal moves out of view.
You see here a stone.
The goblin shoots a stone.
The stone hits you.
You see here a stone.
You see here a spear.
Your transformation is almost over.
The goblin unwields a +0 hunting sling.
The goblin wields a +0 dagger.
The goblin hits you with a +0 dagger.
* * * LOW HITPOINT WARNING * * *
You barely miss the goblin. The goblin hits you with a +0 dagger.
* * * LOW HITPOINT WARNING * * *
You scratch the goblin but do no damage.
Your headbutt misses the goblin. The goblin closely misses you.
The goblin unwields a +0 dagger.
The goblin wields a +0 hunting sling.
The goblin shoots a stone.
The stone barely misses you.
The goblin shoots a stone.
The stone closely misses you.
Your horns disappear.
The goblin shoots a stone.
The stone hits you.
You die...

....# ####.#.# #.#.#.#.########
###.# #.#.# #.#.#.#.# # #.#
#.#.###.#.#.#.# # #.#
#.#.......#.#.# #
#.########.#####...#.#.# #
#........#.#.......#.#.# #
##########.#.#.##....#.#.# #
.........#.#.#.<#(.....#.########
...............)@(......[.......>
###'####.#.#........#############
#.....##.#^#######......... #
#.....##.#.########.###### #
#.....##.#...............# # #
#.....##.###########g....##.# #
#.....##.# #.((.....# #.....##.#
#..(..#### #...(.##.# ####.##


You could see a goblin.

Vanquished Creatures
  Robin (D:1)
  A worm (D:2)
  A dart slug (D:2)
  A leopard gecko (D:2)
  A giant cockroach (D:1)
  12 goblins
  8 hobgoblins
  8 jackals (D:2)
  3 bats
  A frilled lizard (D:1)
  3 kobolds
  2 rats
42 creatures vanquished.

Notes
Turn   | Place    | Note
-------+----------+-------------------------------------------
     0 | D:1      | Descartes the Felid Transmuter began the quest for the Orb.
     0 | D:1      | Reached XP level 1. HP: 9/9 MP: 4/4
   282 | D:1      | Reached skill level 1 in Stealth
   537 | D:1      | Reached XP level 2. HP: 12/12 MP: 6/6
   544 | D:1      | Learned a level 2 spell: Sticks to Snakes
  1514 | D:2      | Reached XP level 3. HP: 15/15 MP: 4/7
  1577 | D:2      | Found a snail-covered altar of Cheibriados.
  1629 | D:2      | Upgraded the game from 0.25.0-11-g1f837a76a1 to
                  | 0.25.0-15-gac7dcb8919
  1919 | D:2      | Noticed Robin
  2245 | D:1      | Killed Robin
  2991 | D:2      | Shot with a stone by a goblin

Illustrated notes

Levels and vault maps discovered:
D:1:      erik_arrival_cave_to_civilisation [erik_arrival_cave_to_hall],
          layout_basic
D:2:      layout_basic, lemuel_doored_altar, uniq_robin, uniq_natasha

Skill      XL: |  1  2  3 |
---------------+----------+-----
Stealth        | 1 2 3 |  3.1
Fighting       | |  1.0
Dodging        | |  2.6
Unarmed Combat | |  3.8
Spellcasting   | |  2.0
Transmutations | |  2.9

Action                   || total
-------------------------++-------
Melee: Unarmed           ||   124
       Bite              ||     8
       Headbutt          ||    13
       Punch             ||     1
 Cast: Beastly Appendage ||    21
 Stab: Sleeping          ||     4
  Eat: Chunk             ||    11
Armor: Skin              ||     3
Dodge: Dodged            ||   109
